AoeStats
← Alexspiration

Nomad

507995907Analyzed
4v4 RM · 13d ago on Sep 20, 2026· 24m 11s· 8 players
Game mode
Random Map
Map size
231×231
Population
200
Speed
Normal
Resources
Standard
Victory
Conquest
Starting age
Dark Age
Ending age
Imperial Age
RankedLock teamsTeams togetherTeam positionsShared explorationLock speedFull tech treeHidden civsTurbo modeCheats
Victory
Defeat
🇨🇳 Malians · China
1463
+16
🇲🇴 Malay · Macao SAR China
1457
+16
🇨🇳 Hindustanis · China
1455
+16
🇨🇳 Berbers · China
1415
+18
🇩🇪 Mongols · Germany
1507
-19
🇧🇷 Spanish · Brazil
1487
-18
🇺🇸 Berbers · United States
1425
-15
🇧🇷 Malay · Brazil
1402
-14
sb Zilove_
5:07 Loom
14:34 Feudal Age
15:23 Town Watch
18:17 Castle Age
16:06 Double-Bit Axe
19:45 Medium Warships
20:05 Bow Saw
21:46 Wheelbarrow
20:53 Fishing Lines
21:59 Horse Collar
爱上层楼
6:20 Loom
13:42 Feudal Age
17:42 Castle Age
19:43 Forging
19:51 Double-Bit Axe
20:33 Squires
jimmy211211
6:17 Loom
14:23 Feudal Age
17:36 Castle Age
17:45 Fletching
18:25 Bodkin Arrow
23:42 Fishing Lines
逸丶然
10:38 Loom
13:37 Feudal Age
14:20 Town Watch
18:36 Castle Age
17:35 Double-Bit Axe
17:54 Horse Collar
20:43 Bow Saw
21:59 Fletching
23:16 Bodkin Arrow
mikeymazko
5:04 Loom
13:27 Feudal Age
14:27 Double-Bit Axe
16:34 Fishing Lines
18:57 Castle Age
19:22 Bloodlines
19:19 Scale Barding Armor
20:02 Bow Saw
20:48 Wheelbarrow
22:41 Gillnets
HUGO
3:42 Loom
13:22 Feudal Age
18:43 Castle Age
17:43 Double-Bit Axe
18:36 Horse Collar
24:26 Padded Archer Armor
Wise™
4:07 Loom
13:55 Feudal Age
13:59 Gold Mining
20:35 Horse Collar
Alexspiration
4:25 Loom
11:54 Feudal Age
16:34 Castle Age
15:27 Fletching
15:48 Town Watch
16:07 Double-Bit Axe
16:16 Gold Mining
19:56 Fishing Lines
23:32 Horse Collar
Connection lost

Rejoining the realm…

Still unreachable

The connection could not be restored.

Session expired

The server has moved on; the page needs a fresh start.